 Dungeon Crawl Stone Soup version 0.30-a0-1160-g6e42c06551 (webtiles) character file.

Game seed: 17846197885973664397

65 kae the Changer (level 3, -9/27 HPs)
             Began as a Demigod Transmuter on Apr 25, 2023.
             Mangled by Crazy Yiuf
             ... wielding a +3 quarterstaff of chaos
              (14 damage)
             ... while paralysed by Crazy Yiuf
             ... on level 2 of the Dungeon.
             The game lasted 00:02:02 (1572 turns).

kae the Changer (Demigod Transmuter)                Turns: 1572, Time: 00:02:02

Health: -9/27      AC:  2    Str: 11    XL:     3   Next: 67%
Magic:  6/9        EV:  5    Int: 19    God:
Gold:   151        SH:  0    Dex: 19    Spells: 0/6 levels left

rFire   . . .        e - melded +1 short sword (holy)
rCold   . . .        (shield currently unavailable)
rNeg    . . .        a - melded +0 robe
rPois   x            (helmet currently unavailable)
rElec   .            (cloak currently unavailable)
rCorr   .            (gloves currently unavailable)
SInv    .            (boots currently unavailable)
Will    .....        (no amulet)
Stlth   ++           (no ring)
HPRegen 0.24/turn    (no ring)
MPRegen 0.11/turn

%: no passive effects
@: paralysed, spider-form
A: venomous fangs, tiny, high MP 1, forlorn, divine attributes
a: End Transformation


You were on level 2 of the Dungeon.
You were a venomous arachnid creature.
You visited 1 branch of the dungeon, and saw 2 of its levels.

You collected 151 gold pieces.


Innate Abilities, Weirdness & Mutations

You are a venomous arachnid creature.
You have venomous fangs.
You are tiny and dextrous.
Your spellcasting is less reliable in this form.
Your armour is entirely melded.
You are incapable of wielding weapons or throwing items.
You have an increased reservoir of magic. (+10% MP)
You shall have no god before yourself.
Your divine heritage dramatically boosts your attributes as you level up.


   Skills:
 - Level 0.8 Fighting
 - Level 1.7 Dodging
 - Level 2.7 Unarmed Combat
 + Level 2.3 Spellcasting
 * Level 3.2 Transmutations
 * Level 1.0 Poison Magic


You couldn't memorise any spells.
You knew the following spells:

 Your Spells              Type           Power      Damage    Failure   Level
a - Beastly Appendage     Tmut           28%        N/A       13%         1
b - Wereblood             Tmut           14%        N/A       19%         2
c - Spider Form           Tmut/Pois      10%        N/A       41%         3

Your spell library contained the following spells:

 Spells                   Type           Power      Damage    Failure   Level
 Blink                    Tloc           4%         N/A       45%         2
 Lesser Beckoning         Tloc           4%         N/A       45%         2
 Momentum Strike          Conj/Tloc      4%         3d8       45%         2
 Ice Form                 Ice/Tmut       8%         N/A       82%         4
 Anguish                  Hex/Necr       1%         N/A       95%         4
 Cause Fear               Hex            1%         N/A       95%         4
 Enfeeble                 Hex            1%         N/A       100%        7

Inventory:

Hand Weapons
 e - a +1 short sword of holy wrath (melded)
   (You took it off a kobold on level 1 of the Dungeon)
Missiles
 d - 10 boomerangs
 f - 28 stones
Armour
 a - a +0 robe (melded)
Jewellery
 o - the ring of Moomiupn {Fly rPois Dex+5 Stlth+}
   (You found it on level 2 of the Dungeon)

   [ring of poison resistance]

   Dex:       It affects your dexterity (+5).
   rPois:     It protects you from poison.
   Fly:       It grants you flight.
   Stlth:     It makes you more stealthy.
Wands
 j - a wand of flame (18)
   (You took it off Terence on level 2 of the Dungeon)
 l - a wand of roots (15)
   (You found it on level 2 of the Dungeon)
Scrolls
 c - a scroll of silence {!r}
 k - 2 scrolls of teleportation {unknown}
 m - a scroll of immolation {!r!r}
 n - a scroll of identify {unknown}
Potions
 b - 2 potions of lignification {!q}
 g - 3 potions of magic {unknown}
 h - 3 potions of haste {unknown}
 i - a potion of mutation {unknown}

Dungeon Overview and Level Annotations

Branches:
Dungeon (2/15) Zot: 10429

Annotations:
D:2 Crazy Yiuf

....#
#........>....)..###......
###.#
#.##.##.......###.#...#### #.#
#.##..<.............#.....
#.####.#################....###
#......# ##)...... ########>#
#.....### #........# ###
♣♣###..#.# #.######.# #)..#♣♣
♣♣.#....#># #.# #.#
#...gs♣♣♣♣.......#.## ..# #.#
#...#♣..♣...........#
########.# ### ♣♣♣.♣..#.#.##..#
.....÷...# ♣♣♣♣♣###.##..#
########.# #.##..# # #.## #####
### #.##..# # #..###...###.####
#.##..#
#...............###.##..#
##.###...####...........#


You could see Crazy Yiuf (extremely poisoned).


Message History

You kill Terence!
Your Transmutations skill increases to level 3!
j - a wand of flame (18)
Things that are here:
a +0 hand axe; a +0 scale mail Your magical contamination has completely faded away. 😮 HP[+1] Unknown command.
Unknown command.
Your transformation is almost over.
Your transformation has ended.
Your +1 short sword of holy wrath unmelds from your body.
Your +0 robe unmelds from your body.
Your +1 short sword of holy wrath softly glows with a divine radiance! 😮 HP[+2] MP[+1]
You regained 2 hp, and now have 20/27 hp.
You feel a little less clever now.
f - 28 stones (gained 5)
You see here a +0 great sword.
A hobgoblin comes into view. 😎 HP[+7] MP[+3]
Your hp is fully restored (27).
Your mp is fully restored (9).
Unknown command.
A hobgoblin is nearby!
A hobgoblin is nearby!
A hobgoblin is nearby!
A hobgoblin is nearby!
The hobgoblin shouts!
You hit the hobgoblin. The hobgoblin hits you. 😕 HP[-3]
You take 3 damage, and now have 24/27 hp.
You closely miss the hobgoblin. The hobgoblin barely misses you.
You hit the hobgoblin.
The hobgoblin hits you but does no damage.
A hobgoblin is nearby!
You hit the hobgoblin but do no damage.
The hobgoblin hits you but does no damage.
You closely miss the hobgoblin. You punch the hobgoblin.
You kill the hobgoblin!
You now have 145 gold pieces (gained 8).
Things that are here:
a +0 hand axe; a +0 scale mail You pick up a book of Hexes and begin reading...
You add the spells Anguish, Cause Fear and Enfeeble to your library. 😎 HP[+3]
Your hp is fully restored (27).
A kobold comes into view. It is wielding a +0 dagger.
The kobold shouts!
A kobold is nearby!
You closely miss the kobold.
The kobold hits you with a +0 dagger. 😕 HP[-3]
You take 3 damage, and now have 24/27 hp.
The kobold hits you with a +0 dagger. 😕 HP[-1]
You take 1 damage, and now have 23/27 hp.
You closely miss the kobold. The kobold misses you.
You hit the kobold. The kobold closely misses you.
You hit the kobold.
You kill the kobold!
Your Poison Magic skill increases to level 1!
Things that are here:
a +0 dagger; a kobold corpse; 😕 HP[+1]
You now have 151 gold pieces (gained 6).
There is a stone staircase leading down here.
Crazy Yiuf shouts! 😎 HP[+3]
Your hp is fully restored (27).
Could not explore, unopened runed door.
Could not explore, unopened runed door.
Could not explore, unopened runed door.
You open the door.
Casting: Spider Form (quite dangerous; 21% risk of failure)
Confirm with . or Enter, or press ? or * to list all spells.
The spell is quite dangerous to miscast (21% risk of failure)!
Continue anyway? [Y]es or [N]o only, please.
The spell is quite dangerous to miscast (21% risk of failure)!
Continue anyway?
You turn into a venomous arachnid creature.
Your +1 short sword of holy wrath melds into your body.
Your +0 robe melds into your body.
Your +1 short sword of holy wrath stops glowing.
Crazy Yiuf misses you. 😎 MP[-3]
You lost 3 mp, and now have 6/9 mp.
You hit Crazy Yiuf.
Crazy Yiuf is poisoned.
Crazy Yiuf hits you with a +3 quarterstaff of chaos!
Crazy Yiuf freezes you.
* * * LOW HITPOINT WARNING * * *
😨 HP[-19]
You take 19 damage, and now have 8/27 hp.
MASSIVE DAMAGE!! (PAUSE)
You hit Crazy Yiuf.
Crazy Yiuf looks as sick as possible!
Crazy Yiuf completely misses you.
You hit Crazy Yiuf.
Crazy Yiuf looks as sick as possible!
Crazy Yiuf says, "Crazy?
Crazy!?
PORCUPINE!"
Crazy Yiuf hits you with a +3 quarterstaff of chaos.
* * * LOW HITPOINT WARNING * * *
You suddenly lose the ability to move!
Crazy Yiuf hits you with a +3 quarterstaff of chaos!
Ouch! That really hurt!
You die...

Skill      XL: |  1  2  3 |
---------------+----------+-----
Transmutations | 2 3 |  3.2
Spellcasting   | 2 |  2.3
Poison Magic   | 1 |  1.0
Fighting       | |  0.8
Dodging        | |  1.7
Unarmed Combat | |  2.7

Action                     || total
---------------------------++-------
  Melee: Unarmed           ||    30
         Short sword       ||    74
         Kick              ||    13
         Headbutt          ||    12
         Punch             ||     1
   Cast: Beastly Appendage ||    18
         Spider Form       ||     2
    Use: Scroll            ||     4
         Potion            ||     2
   Stab: Sleeping          ||     2
 Armour: Robe              ||    23
  Dodge: Dodged            ||    75

Levels and vault maps discovered:
D:1:      dpeg_arrival_pond, layout_rooms, serial_corexii_hall,
          corexii_hall_statues_u, chequers_hall_statues_corner_a, minmay_cut_off
D:2:      layout_loops_ring, hellmonk_ecumenical_altar_blasted, uniq_terence,
          uniq_crazy_yiuf_cottage

Notes
Turn   | Place    | Note
-------+----------+-------------------------------------------
     0 | D:1      | kae the Demigod Transmuter began the quest for the Orb.
     0 | D:1      | Reached XP level 1. HP: 15/15 MP: 5/5
     0 | D:1      | magus.rc [v1.11.3]
    51 | D:1      | Reached skill level 2 in Transmutations
   128 | D:1      | Reached skill level 2 in Spellcasting
   236 | D:1      | Reached XP level 2. HP: 18/22 MP: 5/7
   591 | D:1      | You pick up a book of Spatial Translocations and begin
                  | reading...
   591 | D:1      | You add the spells Blink, Momentum Strike and Lesser
                  | Beckoning to your library.
   654 | D:2      | Learned a level 2 spell: Wereblood
   932 | D:2      | Reached XP level 3. HP: 25/27 MP: 7/9
   936 | D:2      | Learned a level 3 spell: Spider Form
  1142 | D:2      | Found a runed translucent door.
  1143 | D:2      | Noticed Crazy Yiuf
  1187 | D:2      | Identified the ring of Moomiupn {Fly rPois Dex+5 Stlth+}
  1264 | D:2      | Noticed Terence
  1275 | D:2      | Killed Terence
  1276 | D:2      | Reached skill level 3 in Transmutations
  1449 | D:2      | You pick up a book of Hexes and begin reading...
  1449 | D:2      | You add the spells Anguish, Cause Fear and Enfeeble to your
                  | library.
  1482 | D:2      | Reached skill level 1 in Poison Magic
  1571 | D:2      | HP: 5/27 [Crazy Yiuf/+3 quarterstaff of chaos (3)]
  1571 | D:2      | Paralysed by Crazy Yiuf for 4 turns
  1572 | D:2      | Mangled by Crazy Yiuf

Vanquished Creatures
  Terence (D:2)
  A worm (D:2)
  A dart slug (D:1)
  6 bats
  An endoplasm (D:1)
  2 giant cockroaches
  6 goblins
  2 hobgoblins
  2 jackals (D:2)
  A quokka (D:1)
  4 frilled lizards
  6 kobolds
  3 rats
36 creatures vanquished.

Table legend:
 A = Non-vault XP
 B = Vault XP
 C = Vault XP percentage of total XP
 D = Non-vault monster count
 E = Vault monster count
 F = Vault count percentage of total count
                 A         B        C        D         E       F
            +---------+---------+-------+---------+---------+-------
      Total |      49 |      45 |  47.9 |      30 |       6 |  16.7
            +---------+---------+-------+---------+---------+-------
        D:1 |      19 |       9 |  32.1 |      13 |       5 |  27.8
        D:2 |      30 |      36 |  54.5 |      17 |       1 |   5.6
            +---------+---------+-------+---------+---------+-------

Skill      XL: |  1  2  3 |
---------------+----------+-----
Transmutations | 2 3 |  3.2
Spellcasting   | 2 |  2.3
Poison Magic   | 1 |  1.0
Fighting       | |  0.8
Dodging        | |  1.7
Unarmed Combat | |  2.7

Action                     || total
---------------------------++-------
  Melee: Unarmed           ||    30
         Short sword       ||    74
         Kick              ||    13
         Headbutt          ||    12
         Punch             ||     1
   Cast: Beastly Appendage ||    18
         Spider Form       ||     2
    Use: Scroll            ||     4
         Potion            ||     2
   Stab: Sleeping          ||     2
 Armour: Robe              ||    23
  Dodge: Dodged            ||    75

Illustrated notes

Table legend:
 A = Kills in this place as a percentage of kills in the entire game.
 B = Kills by you in this place as a percentage of kills by you in the entire game.
 C = Kills by friends in this place as a percentage of kills by friends in the entire game.
 D = Other kills in this place as a percentage of other kills in the entire game.
 E = Experience gained in this place as a percentage of experience gained in the entire game.
 F = Experience gained in this place divided by the number of levels of this place that you have seen.
                   A       B       C       D       E      F
               +-------+-------+-------+-------+-------+----------------------
         Total | 100.0 | 100.0 |   N/A |   N/A | 100.0 |  47.0
       Dungeon | 100.0 | 100.0 |   N/A |   N/A | 100.0 |  47.0
               +-------+-------+-------+-------+-------+----------------------

Table legend: (Time is in decaauts)
 A = Elapsed time spent in this place.
 B = Non-inter-level travel time spent in this place.
 C = Inter-level travel time spent in this place.
 D = Time resting spent in this place.
 E = Time spent auto-exploring this place.
 F = Levels seen in this place.
 G = Mean time per level.
                   A        B        C        D        E       F      G
               +--------+--------+--------+--------+--------+-----+--------+
         Total |   1569 |   1553 |     16 |      4 |   1244 |   2 |  784.5 |
       Dungeon |   1569 |   1553 |     16 |      4 |   1244 |   2 |  784.5 |
               +--------+--------+--------+--------+--------+-----+--------+

Top non-repeatable levels by time:
     D:2: 921 daAuts
     D:1: 648 daAuts
